 Dungeon Crawl Stone Soup version 0.30.1 (webtiles) character file.

Game seed: 10053616614904129535

1722 LynnLen the Covert (level 8, -9/36 HPs)
             Began as a Spriggan Enchanter on July 6, 2023.
             Was an Initiate of Dithmenos.
             Killed from afar by an electric eel (12 damage)
             ... with a bolt of electricity
             ... on level 6 of the Dungeon.
             The game lasted 00:24:16 (7183 turns).

LynnLen the Covert (Spriggan Enchanter)             Turns: 7183, Time: 00:24:17

Health: -9/36      AC:  5    Str:  4    XL:     8   Next: 75%
Magic:  12/18      EV: 17    Int: 18    God:    Dithmenos [......]
Gold:   240        SH:  0    Dex: 16    Spells: 11/19 levels left

rFire   + . .        a - +1 dagger
rCold   . . .        (no shield)
rNeg    . . .        h - +0 troll leather armour {Pargi}
rPois   .            (helmet restricted)
rElec   .            d - +0 cloak
rCorr   .            (gloves unavailable)
SInv    +            (boots unavailable)
Will    +....        (no amulet)
Stlth   +++++        m - ring of wizardry
HPRegen 1.06/turn    g - ring of protection from fire
MPRegen 0.16/turn

%: wizardry (x1)
@: very quick
A: very small, no large weapons, unfitting armour, see invisible, speed 3
a: Renounce Religion


You were on level 6 of the Dungeon.
You worshipped Dithmenos.
Dithmenos was noncommittal.
You visited 2 branches of the dungeon, and saw 7 of its levels.

You collected 298 gold pieces.
You spent 58 gold pieces at shops.

Inventory:

Hand Weapons
 a - a +1 dagger (weapon)
Missiles
 i - 28 poisoned darts (quivered)
 j - 35 stones
 p - 2 atropa-tipped darts
Armour
 d - a +0 cloak (worn)
 h - a +0 troll leather armour (worn) {Pargi}
Jewellery
 g - a ring of protection from fire (right hand)
 m - a ring of wizardry (left hand)
Wands
 b - a wand of acid (18)
 w - a wand of flame (32)
 y - a wand of charming (11)
Scrolls
 e - 3 scrolls of fog
 f - 3 scrolls of immolation
 n - a scroll of torment
 r - 5 scrolls of teleportation
 t - a scroll of amnesia {unknown}
 u - a scroll of poison {unknown}
 v - a scroll of identify
 x - a scroll of magic mapping {unknown}
Potions
 c - 2 potions of invisibility
 k - 3 potions of mutation
 l - 2 potions of attraction
 o - 3 potions of ambrosia {unknown}
 q - 3 potions of curing
 s - 3 potions of flight {unknown}
 z - a potion of magic {unknown}
 A - a potion of brilliance {unknown}


   Skills:
 - Level 1.1 Short Blades
 + Level 2.7 Throwing
 + Level 4.0 Dodging
 * Level 11.3 Stealth
 + Level 6.1 Spellcasting
 * Level 7.3 Hexes
 - Level 3.0 Ice Magic
 + Level 0.3 Invocations
 + Level 0.5 Evocations


You had 11 spell levels left.
You knew the following spells:

 Your Spells              Type           Power      Damage    Failure   Level
a - Ensorcelled Hibernat  Hex/Ice        48%        N/A       1%          2
b - Confusing Touch       Hex            31%        N/A       1%          3
c - Tukima's Dance        Hex            31%        N/A       1%          3

Your spell library contained the following spells:

 Spells                   Type           Power      Damage    Failure   Level
 Dazzling Flash           Conj/Hex       36%        N/A       6%          3
 Summon Guardian Golem    Hex/Summ       18%        N/A       6%          3
 Necrotise                Necr           20%        1d5       9%          1
 Shock                    Conj/Air       20%        1d4       9%          1
 Cigotuvi's Dreadful Rot  Necr/Pois/Air  10%        N/A       13%         2
 Momentum Strike          Conj/Tloc      10%        3d8       13%         2
 Anguish                  Hex/Necr       9%         N/A       19%         4
 Ignite Poison            Fire/Tmut/Pois 5%         N/A       26%         3
 Swiftness                Air            5%         N/A       26%         3
 Vampiric Draining        Necr           5%         2d6       26%         3
 Airstrike                Air            2%         2d(1-17)  61%         4
 Animate Dead             Necr           5%         N/A       61%         4
 Freezing Cloud           Conj/Ice/Air   4%         6-21      80%         5
 Agony                    Necr           5%         N/A       90%         5
 Summon Forest            Summ/Tloc      2%         N/A       90%         5
 Haunt                    Necr/Summ      2%         N/A       100%        7
 Orb of Destruction       Conj           2%         9d5       100%        7
 Spellforged Servitor     Conj/Summ      2%         N/A       100%        7
 Infestation              Necr           2%         N/A       100%        8


Dungeon Overview and Level Annotations

Branches:
Dungeon (6/15)             Temple (1/1) D:5

Altars:
Ashenzari
Cheibriados
Dithmenos
Elyvilon
Fedhas
Gozag
Hepliaklqana
Kikubaaqudgha
Makhleb
Nemelex Xobeh
Okawaru
Qazlal
Ru
Sif Muna
Uskayaw
Xom
Yredelemnul
Zin
The Shining One

Shops:
D:5 *


Innate Abilities, Weirdness & Mutations

You are very small and have problems with some larger weapons.
You are too small for most types of armour.
You have supernaturally acute eyesight. (SInv)
You cover ground extremely quickly. (Speed+++)


Message History

HP restored.
Number of times to repeat, then command key: You must enter the number of times for the command to repeat.
Casting: Ensorcelled Hibernation (safe; 1% risk of failure)
Confirm with . or Enter, or press ? or * to list all spells.
Aiming: Ensorcelled Hibernation (safe; 1% risk of failure)
Press: ? - help, Shift-Dir - straight line, f - electric eel
Aim: an electric eel (chance to affect: 64%)
The electric eel looks drowsy...
Unknown command.
There is an open door here.
Casting: Ensorcelled Hibernation (safe; 1% risk of failure)
Confirm with . or Enter, or press ? or * to list all spells.
Aiming: Ensorcelled Hibernation (safe; 1% risk of failure)
Press: ? - help, Shift-Dir - straight line, f - electric eel, p - electric eel
Aim: an electric eel (water, wandering, hasn't noticed you, chance to affect: 64%)
Okay, then.
Casting: Ensorcelled Hibernation (safe; 1% risk of failure)
Confirm with . or Enter, or press ? or * to list all spells.
Aiming: Ensorcelled Hibernation (safe; 1% risk of failure)
Press: ? - help, Shift-Dir - straight line, f - electric eel, p - electric eel
Aim: an electric eel (water, chance to affect: 64%)
The electric eel struggles to resist.
The electric eel shoots out a bolt of lightning at you!
The bolt of electricity hits you! The bolt of electricity misses you.
The electric eel shoots out a bolt of lightning at you!
The bolt of electricity hits the plant!
The plant begins to die.
The bolt of electricity hits the plant!
The plant begins to die.
The bolt of electricity hits you! The bolt of electricity misses you.
Casting: Ensorcelled Hibernation (safe; 1% risk of failure)
Confirm with . or Enter, or press ? or * to list all spells.
Aiming: Ensorcelled Hibernation (safe; 1% risk of failure)
Press: ? - help, Shift-Dir - straight line, f/p - electric eel
Aim: an electric eel (water, chance to affect: 64%)
The electric eel struggles to resist.
The electric eel shoots out a bolt of lightning at you!
The bolt of electricity hits you!
* * * LOW HITPOINT WARNING * * *
The bolt of electricity hits you!
You die...

##÷...~##≈S≈###.#######
##.######≈S~S≈##.# ####
#~##≈≈≈##~![?.##.# #...
#~#≈≈.≈S#=..P.##.# #.#.
#~#..S))#PP..P##.# #.#.
#~#!~SP~#.....##.# #.#.
#.#.P.P~# #.####... #.#.....#
+###.##.....
#######.#....@#####..#....#.#.
#.....#.##..'##~~...##.####.##
#.######.####.~~######.# #†##
#.# ###~~...### ###.# #.## #.#
#.####### #..÷# #... #.# #.###
#.### #### #.#####...# #.#
#....>..#.###### #.#
###............# #.# ####


You could see 3 electric eels.

Vanquished Creatures
  Grinder (D:3)
  Eustachio (D:4)
  Menkaure (D:4)
  An acid dragon (D:6)
  Pargi (D:3)
  A black bear (D:6)
  A phantom (D:6)
  Blork the orc (D:6)
  A scorpion (D:4)
  2 orc priests (D:3)
  5 hounds
  A jelly (D:5)
  2 sleepcaps
  Crazy Yiuf (D:3)
  3 orc wizards
  2 iguanas
  Robin (D:3)
  6 gnolls (D:2)
  6 adders
  A shadow imp (D:6)
  2 white imps
  4 worms
  5 dart slugs
  6 orcs
  5 endoplasms
  5 giant cockroaches
  15 goblins
  7 hobgoblins
  3 quokkas
  3 ball pythons
  3 bats
  4 frilled lizards
  6 kobolds
  3 rats
110 creatures vanquished.

Vanquished Creatures (collateral kills)
  A centaur (D:6)
  An orc (D:3)
  A goblin (D:3)
3 creatures vanquished.

Grand Total: 113 creatures vanquished

Notes
Turn   | Place    | Note
-------+----------+-------------------------------------------
     0 | D:1      | LynnLen the Spriggan Enchanter began the quest for the Orb.
     0 | D:1      | Reached XP level 1. HP: 9/9 MP: 5/5
   409 | D:1      | Reached skill level 5 in Stealth
   409 | D:1      | Reached XP level 2. HP: 13/13 MP: 6/6
   412 | D:1      | Learned a level 2 spell: Ensorcelled Hibernation
   674 | D:1      | Found a faded altar of an unknown god.
  1084 | D:2      | Reached XP level 3. HP: 16/16 MP: 3/8
  1088 | D:2      | Learned a level 3 spell: Confusing Touch
  1092 | D:2      | Learned a level 3 spell: Tukima's Dance
  1331 | D:2      | Reached skill level 6 in Stealth
  1589 | D:2      | Reached XP level 4. HP: 21/21 MP: 6/10
  1757 | D:2      | Found a stormy altar of Qazlal.
  2376 | D:3      | Noticed Grinder
  2394 | D:3      | Paralysed by Grinder for 3 turns
  2408 | D:3      | Killed Grinder
  2409 | D:3      | Reached skill level 7 in Stealth
  2409 | D:3      | Reached skill level 5 in Hexes
  2409 | D:3      | Reached skill level 1 in Ice Magic
  2409 | D:3      | Reached XP level 5. HP: 18/24 MP: 9/12
  2409 | D:3      | Reached XP level 6. HP: 21/28 MP: 9/13
  2555 | D:3      | Reached skill level 8 in Stealth
  2828 | D:3      | Noticed Robin
  2849 | D:3      | Killed Robin
  2997 | D:3      | Noticed Pargi
  3107 | D:3      | Found a sacrificial altar of Ru.
  3522 | D:3      | Found a runed translucent door.
  3523 | D:3      | Noticed Crazy Yiuf
  3549 | D:3      | Killed Crazy Yiuf
  3889 | D:3      | Killed Pargi
  3890 | D:3      | Reached skill level 9 in Stealth
  3890 | D:3      | Reached XP level 7. HP: 32/32 MP: 12/15
  4607 | D:4      | Noticed Menkaure
  4851 | D:4      | Reached skill level 5 in Spellcasting
  4891 | D:5      | Entered Level 5 of the Dungeon
  4893 | D:5      | Noticed Eustachio
  5182 | D:4      | Killed Eustachio
  5183 | D:4      | Reached skill level 1 in Throwing
  5300 | D:5      | Found a blossoming altar of Fedhas.
  5353 | D:4      | Killed Menkaure
  5354 | D:4      | Reached skill level 10 in Stealth
  5396 | D:5      | Reached XP level 8. HP: 36/36 MP: 17/17
  5467 | D:5      | Found an iron altar of Okawaru.
  5727 | D:5      | Found Baithuo's Assorted Antiques.
  5742 | D:5      | Found a staircase to the Ecumenical Temple.
  5773 | D:5      | Bought a scroll of identify for 58 gold pieces
  5774 | D:5      | Identified a scroll of acquirement
  5776 | D:5      | Acquired Kuibaeqe's Commentary on Movement and Unspeakable
                  | Magic
  5794 | Temple   | Entered the Ecumenical Temple
  5869 | Temple   | Became a worshipper of Dithmenos the Shadowed
  6245 | D:6      | Found a glowing golden altar of the Shining One.
  6511 | D:6      | Found a shimmering blue altar of Sif Muna.
  6572 | D:6      | Noticed Blork the orc
  6580 | D:6      | Killed Blork the orc
  6741 | D:6      | Reached skill level 11 in Stealth
  7183 | D:6      | Killed from afar by an electric eel

Illustrated notes

Levels and vault maps discovered:
D:1:      amcnicky_arrival_feature_with_door, layout_basic,
          shapermc_ecumenical_altar_mp_urbaneastern
D:2:      layout_loops_ring, basic_altar, moated_statue
D:3:      layout_basic, mainiacjoe_overflow_boulevard, uniq_crazy_yiuf_cottage,
          uniq_pargi, uniq_grinder, uniq_robin
D:4:      layout_basic, uniq_menkaure
D:5:      layout_basic, lemuel_crystal_altar,
          mainiacjoe_overflow_surrounded_room, temple_fountains, serial_shops,
          shop, uniq_eustachio
D:6:      cheibrodos_two_vegetables, layout_loops_cross,
          mainiacjoe_overflow_catwalk, nicolae_sif_muna_little_library,
          uniq_blork_the_orc
Temple:   jpeg_temple_clearing

Skill      XL: |  1  2  3  4  5  6  7  8 |
---------------+-------------------------+-----
Stealth        | 5 6 7 9 10 11 | 11.3
Spellcasting   | 3 4 5 6 |  6.1
Hexes          | 4 5 6 7 |  7.3
Ice Magic      | 1 2 3 |  3.0
Throwing       | 1 2 |  2.7
Dodging        | 4 |  4.0
Short Blades   | |  1.1
Invocations    | |  0.3
Evocations     | |  0.5

Action                     |  1- 3 |  4- 6 |  7- 9 || total
---------------------------+-------+-------+-------++-------
  Melee: Dagger            |    60 |   116 |   158 ||   334
  Throw: Dart              |       |     7 |     3 ||    10
   Cast: Ensorcelled Hiber |    17 |    34 |    32 ||    83
         Confusing Touch   |     1 |     4 |    13 ||    18
         Tukima's Dance    |       |     2 |     2 ||     4
    Use: Scroll            |     4 |     2 |     7 ||    13
         Potion            |       |     2 |     2 ||     4
   Stab: Sleeping          |    15 |    25 |    31 ||    71
         Confused          |       |     6 |     8 ||    14
 Armour: Robe              |     6 |    15 |       ||    21
         Troll leather arm |       |       |    14 ||    14
  Dodge: Dodged            |    40 |    57 |   111 ||   208
